 Dungeon Crawl Stone Soup version 0.31-a0-848-gaac375c287 (webtiles) character file.

Game seed: 6023839710397475105

195 rageheart7 the Conjurer (level 5, -1/33 HPs)
             Began as a Tengu Reaver on Oct 5, 2023.
             Was an Initiate of Vehumet.
             Slain by an orc priest
             ... wielding a +0 flail
              (3 damage)
             ... on level 4 of the Dungeon.
             The game lasted 00:07:17 (2780 turns).

rageheart7 the Conjurer (Tengu Reaver)              Turns: 2780, Time: 00:07:17

Health: -1/33      AC:  8    Str: 14    XL:     5   Next: 74%
Magic:  9/9        EV: 11    Int: 14    God:    Vehumet [......]
Gold:   220        SH:  0    Dex: 12    Spells: 7/8 levels left

rFire   . . .        k - staff of conjuration
rCold   . . .        (no shield)
rNeg    . . .        b - +0 leather armour
rPois   .            (helmet restricted)
rElec   .            m - +1 cloak
rCorr   .            j - +2 pair of gloves
SInv    .            (boots unavailable)
Will    +....        (no amulet)
Stlth   +            e - ring of willpower
HPRegen 0.25/turn    (no ring)
MPRegen 0.11/turn

%: acrobat
@: no status effects
A: beak, talons 3, acrobatic
a: Renounce Religion


You were on level 4 of the Dungeon.
You worshipped Vehumet.
Vehumet was noncommittal.
You visited 2 branches of the dungeon, and saw 6 of its levels.

You collected 220 gold pieces.

Inventory:

Hand Weapons
 a - a +0 mace
Armour
 b - a +0 leather armour (worn)
 j - a +2 pair of gloves (worn)
 m - a +1 cloak (worn)
Magical Staves
 d - a staff of cold
 k - a staff of conjuration (weapon)
Jewellery
 e - a ring of willpower (left hand)
 s - a ring of protection from cold
Wands
 t - a wand of mindburst (14)
Scrolls
 g - 2 scrolls of teleportation
 n - a scroll of identify
 r - a scroll of fog
Potions
 c - 3 potions of mutation {unknown}
 f - 3 potions of ambrosia {unknown}
 h - a potion of heal wounds
 i - a potion of curing {unknown}
 l - 2 potions of might {unknown}
 o - a potion of invisibility {unknown}
 p - a potion of degeneration {unknown}


   Skills:
 * Level 4.0 Fighting
 - Level 3.3(4.0) Maces & Flails
 * Level 3.2(4.0) Staves
 - Level 2.1 Dodging
 - Level 2.0 Spellcasting
 + Level 5.1 Conjurations


You had 7 spell levels left.
You knew the following spells:

 Your Spells              Type           Power      Damage    Failure   Level
a - Kiss of Death         Conj/Necr      48%        2d9       11%         1

Your spell library contained the following spells:

 Spells                   Type           Power      Damage    Failure   Level
 Momentum Strike          Conj/Tloc      24%        3d8       16%         2
 Slow                     Hex            4%         N/A       30%         1
 Hailstorm                Conj/Ice       12%        3d5       32%         3
 Confusing Touch          Hex            1%         N/A       65%         3
 Frozen Ramparts          Ice            2%         1d1       65%         3
 Ignite Poison            Fire/Tmut/Pois 1%         N/A       65%         3
 Sigil of Binding         Hex            1%         N/A       65%         3
 Vampiric Draining        Necr           1%         2d6       65%         3
 Sticky Flame             Conj/Fire      12%        2d4       71%         4
 Petrify                  Tmut/Erth      1%         N/A       96%         4
 Metabolic Englaciation   Hex/Ice        0%         N/A       100%        5
 Ignition                 Fire           0%         3d3       100%        8


Dungeon Overview and Level Annotations

Branches:
Dungeon (5/15)             Temple (1/1) D:4

Altars:
Dithmenos
Elyvilon
Fedhas
Gozag
Hepliaklqana
Kikubaaqudgha
Qazlal
Ru
Sif Muna
Trog
Vehumet
Wu Jian
Xom
Yredelemnul
Zin


Innate Abilities, Weirdness & Mutations

You have a beak for a mouth.
You have claws for feet.
You can magically evade attacks while moving or waiting.


Message History

You hit the iguana but do no damage. You claw the iguana, but do no damage.
You peck the iguana, but do no damage.
The orc priest hits you with a +0 flail.
The iguana closely misses you.
You completely miss the orc priest.
You claw the orc priest, but do no damage.
The orc priest hits you but does no damage.
The iguana bites you!
You closely miss the orc priest.
The orc priest hits you with a +0 flail!
The iguana bites you.
* * * LOW HITPOINT WARNING * * *
You hit the orc priest but do no damage.
Your kick misses the orc priest.
You peck the orc priest, but do no damage.
The orc priest misses you. The iguana bites you.
* * * LOW HITPOINT WARNING * * *
As you read the scroll labelled RORUMI WIAL, it crumbles to dust.
It is a scroll of enchant armour.
Your +0 cloak glows green for a moment.
The orc priest hits you but does no damage.
The iguana barely misses you. The orc priest completely misses you.
The orc priest attacks as it pursues you!
The orc priest hits you but does no damage.
You feel much better.
The orc priest hits you with a +0 flail.
You hit the orc priest but do no damage.
Your kick misses the orc priest.
You peck the orc priest, but do no damage.
The orc priest mumbles some strange prayers to Beogh against you.
Beogh smites you!
* * * LOW HITPOINT WARNING * * *
You hit the orc priest but do no damage.
The orc priest hits you with a +0 flail.
* * * LOW HITPOINT WARNING * * *
You hit the orc priest. Your peck misses the orc priest.
The orc priest is lightly wounded.
The orc priest hits you with a +0 flail.
You die...

..#.#.####..o....#.#.#....#.....#
..#.......................#.....#
..........####.##.#.>.#.#.......#
..####.>##...#....#...#.#.##.....
### #..##...#.#....#........###.
######..##...#.#.##.#.##.#...###.
.........#...#..l........#.......
.#####..##.....#o#.#.##....#.....
........##...#.#@#.#....##.#.....
.####...##...#.o.................
....................#..#.........
.####..###...##.....#.##.......|.
.# #.. ######.....#.##....####.
.# #.. ....~♣~PP♣♣~~.. #< .# #.#
#~~~♣♣~♣~~ ♣~P♣♣ #. .# #. #~♣~~ ~
~♣~ ~~ ♣P #. ~♣P~P ≈≈≈~ ~♣


You could see an iguana, an orc priest and an orc.

Vanquished Creatures
  A jelly (D:5)
  2 iguanas
  2 adders
  A shadow imp (D:5)
  An ufetubus (D:4)
  A worm (D:2)
  A dart slug (D:5)
  6 orcs (D:5)
  6 ball pythons
  7 endoplasms
  5 giant cockroaches
  4 hobgoblins
  3 quokkas
  3 bats
  4 frilled lizards
  6 goblins
  11 kobolds
  6 rats
70 creatures vanquished.

Notes
Turn   | Place    | Note
-------+----------+-------------------------------------------
     0 | D:1      | rageheart7 the Tengu Reaver began the quest for the Orb.
     0 | D:1      | Reached XP level 1. HP: 12/12 MP: 4/4
   209 | D:1      | Reached XP level 2. HP: 18/18 MP: 6/6
   734 | D:2      | Reached skill level 1 in Staves
   758 | D:2      | Reached XP level 3. HP: 19/21 MP: 7/7
  1183 | D:3      | You fall into a shaft and drop 2 floors!
  1183 | D:5      | Entered Level 5 of the Dungeon
  1207 | D:5      | Found a shimmering blue altar of Sif Muna.
  1247 | D:5      | Identified the +0 helmet of an ossuary {Harm Str-2 Int+5
                  | SInv}
  1303 | D:5      | Reached XP level 4. HP: 14/28 MP: 8/8
  1431 | D:5      | Reached XP level 5. HP: 18/31 MP: 9/9
  1622 | D:3      | Reached skill level 5 in Conjurations
  1964 | D:3      | Found a faded altar of an unknown god.
  2670 | D:4      | Found a staircase to the Ecumenical Temple.
  2691 | Temple   | Entered the Ecumenical Temple
  2719 | Temple   | Became a worshipper of Vehumet
  2780 | D:4      | Slain by an orc priest

Illustrated notes

Levels and vault maps discovered:
D:1:      ldierk_walled_garden_2, layout_loops_cross,
          chequers_serial_rivers_small_a
D:2:      layout_rooms
D:3:      layout_basic, ebering_ecumenical_altar_box
D:4:      layout_basic, minmay_temple_entry_ruins, grunt_ministairs_13,
          dreamdust_wishing_well, roderic_serpentine_path, dk_noncrumbling_4,
          serial_bayou_lake_a
D:5:      layout_rooms, mainiacjoe_overflow_tiny_flanked,
          grunt_temple_overflow_cloverleaf, kennysheep_mini, serial_shops, shop,
          minivault_4, hellmonk_no_cap
Temple:   nicolae_temple_superstar

Skill      XL: |  1  2  3  4  5 |
---------------+----------------+-----
Staves         | 1 2 3 |  3.2
Fighting       | 3 4 |  4.0
Conjurations   | 5 |  5.1
Maces & Flails | |  3.3
Dodging        | |  2.1
Spellcasting   | |  2.0

Action                     |  1- 3 |  4- 6 || total
---------------------------+-------+-------++-------
  Melee: Staff             |    83 |   117 ||   200
         Mace              |     4 |       ||     4
         Peck              |    14 |    14 ||    28
         Kick              |    24 |    31 ||    55
         Punch             |       |     2 ||     2
   Cast: Kiss of Death     |     2 |     1 ||     3
    Use: Scroll            |     3 |     2 ||     5
         Potion            |     1 |     2 ||     3
   Stab: Sleeping          |     1 |       ||     1
 Armour: Leather armour    |    50 |    71 ||   121
  Dodge: Dodged            |    51 |    67 ||   118

Table legend: (Time is in decaauts)
 A = Elapsed time spent in this place.
 B = Non-inter-level travel time spent in this place.
 C = Inter-level travel time spent in this place.
 D = Time resting spent in this place.
 E = Time spent auto-exploring this place.
 F = Levels seen in this place.
 G = Mean time per level.
                   A        B        C        D        E       F      G
               +--------+--------+--------+--------+--------+-----+--------+
         Total |   2789 |   2706 |     83 |     51 |   2019 |   6 |  464.8 |
       Dungeon |   2735 |   2676 |     59 |     51 |   2019 |   5 |  547.0 |
        Temple |     53 |     29 |     24 |      0 |      0 |   1 |   53.0 |
               +--------+--------+--------+--------+--------+-----+--------+

Top non-repeatable levels by time:
     D:3: 832 daAuts
     D:1: 723 daAuts
     D:4: 453 daAuts
     D:2: 428 daAuts
     D:5: 297 daAuts
  Temple: 53 daAuts
